 Dungeon Crawl Stone Soup version 0.25.1-2-g60ff931df9 (webtiles) character file.

Game seed: 12887293314314335354

197 Allula97 the Sneak (level 5, -1/25 HPs)
             Began as a Spriggan Enchanter on Nov 15, 2020.
             Killed from afar by Natasha (4 damage)
             ... with a magic dart
             ... on level 4 of the Dungeon.
             The game lasted 00:16:59 (3672 turns).

Allula97 the Sneak (Spriggan Enchanter)             Turns: 3672, Time: 00:16:59

Health: -1/25      AC:  2    Str:  4    XL:     5   Next: 46%
Magic:  6/11       EV: 20    Int: 16    God:
Gold:   151        SH:  0    Dex: 18    Spells: 1/10 levels left

rFire    . . .     SeeInvis +   a - +1 dagger
rCold    . . .     Gourm    .   (shield restricted)
rNeg     . . .     Faith    .   b - +0 robe
rPois    +         Spirit   .   (helmet restricted)
rElec    .         Reflect  .   (no cloak)
rCorr    .         Harm     .   (gloves unavailable)
MR       .....     Clarity  +   (boots unavailable)
Stlth    +++.......             (no amulet)
HPRegen  0.08/turn              k - ring of flight
MPRegen  0.12/turn              (no ring)

@: slowed, quick
A: very small, unfitting armour, horns 1, see invisible, clarity, herbivore,
speed 3, poison resistance, slow metabolism 2
a: Evoke Flight


You were on level 4 of the Dungeon.
You were very hungry.

You visited 1 branch of the dungeon, and saw 4 of its levels.

You collected 151 gold pieces.

Inventory:

Hand Weapons
 a - a +1 dagger (weapon)
 e - a +0 hunting sling
Missiles
 f - 110 stones (quivered)
Armour
 b - a +0 robe (worn)
Jewellery
 k - a ring of flight (left hand)
Scrolls
 c - a scroll of remove curse {unknown}
 g - a scroll of enchant armour {unknown}
 h - 3 scrolls of teleportation {unknown}
 m - 2 scrolls of magic mapping {unknown}
 n - a scroll of immolation {unknown}
 p - 2 scrolls of amnesia {unknown}
Potions
 i - a potion of mutation
 j - a potion of cancellation
 l - a potion of flight {unknown}
 o - a potion of curing {unknown}
 q - 2 potions of stabbing
 r - a potion of invisibility {unknown}
Comestibles
 d - 8 rations


   Skills:
 * Level 1.6 Fighting
 * Level 2.8 Short Blades
 * Level 4.3 Dodging
 * Level 5.6 Stealth
 + Level 3.4 Spellcasting
 + Level 4.0 Hexes
 + Level 0.9 Ice Magic


You had one spell level left.
You knew the following spells:

 Your Spells              Type           Power        Failure   Level  Hunger
a - Corona                Hex            ###....      3%          1    None
b - Ensorcelled Hibernat  Hex/Ice        ##....       10%         2    ##.....
c - Tukima's Dance        Hex            ###.....     11%         3    ###....
d - Confusing Touch       Hex            ###.....     11%         3    ###....

Your spell library contained the following spells:

 Spells                   Type           Power        Failure   Level  Hunger
 Dazzling Flash           Conj/Hex       #.....       24%         3    ###....


Dungeon Overview and Level Annotations

Branches:
Dungeon (4/15)
 Temple: D:4-7

Altars:

Annotations:
D:3 fire res/cold wand
D:4 Natasha


Innate Abilities, Weirdness & Mutations

You are very small and have problems with some larger weapons.
You are too small for most types of armour.
You have supernaturally acute eyesight. (SInv)
You are a herbivore.
You cover ground extremely quickly.
You need to consume almost no food.
You have a pair of small horns on your head.
You possess an exceptional clarity of mind.
Your system is resistant to poisons. (rPois)


Message History

The magic dart hits you! Natasha claws you.
* * * LOW HITPOINT WARNING * * *
It was a potion of cancellation.
Your magical effects are unravelling.
You feel magically purged.
You feel yourself speed up.
Natasha mumbles some strange words.
It was a potion of mutation.
You feel extremely strange. A pair of horns grows on your head!
You feel resistant to poisons.
Your thoughts seem clearer.
Natasha completely misses you.
The shadow imp hits you but does no damage.
Natasha stares at you and mumbles some strange words.
You feel yourself slow down. The shadow imp gestures at you.
Pain shoots through your body!
* * * LOW HITPOINT WARNING * * *
Natasha casts a spell at you. The magic dart hits you.
You die...

.## ...####
.......######
............####
#.............#
#....h.....#
##.@.5.....## ....#
###........# .....#
###......# ......#
##.....# .......##
###..## ........##
##...# .........##
####...##
..........#####......##
.......<.###..........#


You could see Natasha (corona) and a shadow imp (summoned).

Vanquished Creatures
  3 orc priests (D:3)
  Robin (D:3)
  An adder (D:3)
  A shadow imp (D:3)
  An ooze (D:3)
  4 dart slugs (D:1)
  6 leopard geckos
  6 orcs
  2 giant cockroaches
  11 goblins
  3 hobgoblins
  2 jackals (D:2)
  5 kobolds
  A ball python (D:2)
  5 bats
  A frilled lizard (D:1)
  4 rats
57 creatures vanquished.

Vanquished Creatures (others)
  An ooze (D:3)
  An orc (D:3)
  2 giant cockroaches (D:3)
4 creatures vanquished.

Grand Total: 61 creatures vanquished

Notes
Turn   | Place    | Note
-------+----------+-------------------------------------------
     0 | D:1      | Allula97 the Spriggan Enchanter began the quest for the
                  | Orb.
     0 | D:1      | Reached XP level 1. HP: 9/9 MP: 5/5
   253 | D:1      | Reached XP level 2. HP: 6/14 MP: 6/6
   518 | D:1      | Learned a level 2 spell: Ensorcelled Hibernation
   909 | D:1      | Reached XP level 3. HP: 12/17 MP: 4/8
   978 | D:1      | Reached skill level 1 in Fighting
  1117 | D:1      | Learned a level 3 spell: Tukima's Dance
  1268 | D:2      | Reached skill level 5 in Stealth
  2218 | D:3      | Noticed Robin
  2421 | D:3      | Killed Robin
  2421 | D:3      | Reached XP level 4. HP: 22/22 MP: 4/9
  2836 | D:3      | Reached XP level 5. HP: 15/25 MP: 2/10
  3221 | D:3      | Learned a level 3 spell: Confusing Touch
  3655 | D:4      | Noticed Natasha
  3669 | D:4      | Gained mutation: You have a pair of small horns on your
                  | head. [potion of mutation]
  3669 | D:4      | Gained mutation: Your system is resistant to poisons.
                  | (rPois) [potion of mutation]
  3669 | D:4      | Gained mutation: You possess an exceptional clarity of
                  | mind. [potion of mutation]
  3672 | D:4      | Killed from afar by Natasha

Illustrated notes

Levels and vault maps discovered:
D:1:      dpeg_arrival_shrine, layout_loops_ring
D:2:      layout_loops_ring, first_ration, minmay_pentomino_p4
D:3:      layout_loops_ring, lemuel_flame_loot_1, uniq_robin
D:4:      layout_cave_pods, minmay_cut_off, uniq_natasha

Skill      XL: |  1  2  3  4  5 |
---------------+----------------+-----
Spellcasting   | 3 |  3.4
Fighting       | 1 |  1.6
Stealth        | 5 |  5.6
Short Blades   | 2 |  2.8
Dodging        | 4 |  4.3
Hexes          | 4 |  4.0
Ice Magic      | |  0.9

Action                   |  1- 3 |  4- 6 || total
-------------------------+-------+-------++-------
Melee: Dagger            |   119 |    56 ||   175
 Fire: Hunting sling     |    10 |       ||    10
Throw: Stone             |     3 |     3 ||     6
 Cast: Corona            |     7 |     3 ||    10
       Ensorcelled Hiber |    26 |    22 ||    48
  Use: Scroll            |     2 |     1 ||     3
       Potion            |       |     2 ||     2
 Stab: Sleeping          |    23 |    12 ||    35
  Eat: Ration            |       |     1 ||     1
Armor: Robe              |     6 |     4 ||    10
Dodge: Dodged            |    86 |    42 ||   128
